 Dungeon Crawl Stone Soup version 0.30.0-5-g1a98f26d00 (webtiles) character file.

Game seed: 8305834421207317936

560 Dordric the Caller (level 7, -2/50 HPs)
             Began as a Hill Orc Summoner on May 12, 2023.
             Was an Initiate of Beogh.
             Slain by a black bear (12 damage)
             ... on level 4 of the Dungeon.
             The game lasted 00:10:41 (5040 turns).

Dordric the Caller (Hill Orc Summoner)              Turns: 5040, Time: 00:10:42

Health: -2/50      AC:  4    Str: 11    XL:     7   Next: 31%
Magic:  11/11      EV: 12    Int: 15    God:    Beogh [......]
Gold:   282        SH:  0    Dex: 16    Spells: 0/9 levels left

rFire   . . .        t - +4 dagger of Qoul {venom, rElec Dex+3}
rCold   . . .        (no shield)
rNeg    . . .        a - +0 robe
rPois   .            j - +0 helmet
rElec   +            (no cloak)
rCorr   .            (no gloves)
SInv    .            e - +0 pair of boots
Will    .....        (no amulet)
Stlth   ++           (no ring)
HPRegen 0.28/turn    (no ring)
MPRegen 0.12/turn

%: no passive effects
@: no status effects
A: no striking features
a: Renounce Religion


You were on level 4 of the Dungeon.
You worshipped Beogh.
Beogh was noncommittal.
You visited 1 branch of the dungeon, and saw 4 of its levels.

You collected 282 gold pieces.

Inventory:

Hand Weapons
 g - a +1 dagger of freezing
 t - the +4 dagger of Qoul (weapon) {venom, rElec Dex+3}
   (You found it on level 4 of the Dungeon)

   Dex:       It affects your dexterity (+3).
   rElec:     It insulates you from electricity.
Missiles
 k - a throwing net
Armour
 a - a +0 robe (worn)
 e - a +0 pair of boots (worn)
 j - a +0 helmet (worn)
Magical Staves
 n - a staff of death
Jewellery
 s - a ring of poison resistance
Wands
 l - a wand of flame (9)
Scrolls
 c - 2 scrolls of teleportation
 i - 2 scrolls of identify
 m - 2 scrolls of enchant weapon
 o - a scroll of magic mapping {unknown}
Potions
 b - a potion of magic
 d - 2 potions of haste {unknown}
 f - 2 potions of cancellation {unknown}
 h - 2 potions of heal wounds {unknown}
 p - a potion of might
 q - a potion of ambrosia {unknown}
 r - a potion of flight {unknown}
 u - a potion of degeneration {unknown}


   Skills:
 - Level 1.5 Dodging
 - Level 1.5 Stealth
 - Level 1.5 Spellcasting
 + Level 7.2 Summonings
 + Level 5.8 Invocations


You couldn't memorise any spells.
You knew the following spells:

 Your Spells              Type           Power      Damage    Failure   Level
a - Summon Small Mammal   Summ           92%        N/A       1%          1
b - Call Imp              Summ           46%        N/A       1%          2
c - Call Canine Familiar  Summ           23%        N/A       3%          3
d - Summon Guardian Gole  Hex/Summ       12%        N/A       16%         3

Your spell library contained the following spells:

 Spells                   Type           Power      Damage    Failure   Level
 Kiss of Death            Conj/Necr      4%         2d5       24%         1
 Summon Lightning Spire   Summ/Air       12%        N/A       45%         4
 Confusing Touch          Hex            1%         N/A       56%         3
 Dispel Undead            Necr           1%         3d6       93%         4


Dungeon Overview and Level Annotations

Branches:
Dungeon (4/15)
 Temple: D:4-7

Altars:
Elyvilon
Uskayaw
Vehumet
Xom
Yredelemnul
The Shining One

Shops:
D:1 *?(

Annotations:
D:2 Pargi
D:3 1 runed translucent door, Sanktem7's ghost, amateur MiFi


Message History

The black bear is moderately wounded.
The black bear bites you. The black bear claws you.
The black bear claws you but does no damage.
You puncture the black bear!
The black bear looks as sick as possible!
The black bear is heavily wounded.
The black bear goes berserk!
A black bear is nearby!
A black bear is nearby!
You hit the black bear.
The black bear looks as sick as possible!
The black bear is severely wounded.
The black bear closely misses you. The black bear claws you. x2
You barely miss the black bear.
The black bear is severely wounded.
The black bear bites you. The black bear claws you.
The black bear claws you but does no damage.
The black bear misses you. The black bear claws you.
The black bear barely misses you.
You are too injured to fight recklessly!
You are too injured to fight recklessly!
You are too injured to fight recklessly!
You are too injured to fight recklessly!
You are too injured to fight recklessly!
You are too injured to fight recklessly!
You are too injured to fight recklessly!
You are too injured to fight recklessly!
You are too injured to fight recklessly!
You are too injured to fight recklessly!
You hit the black bear.
The black bear looks as sick as possible!
The black bear is almost dead.
The black bear bites you.
* * * LOW HITPOINT WARNING * * *
The black bear claws you.
* * * LOW HITPOINT WARNING * * *
The black bear misses you.
The black bear attacks as you move away!
The black bear bites you!
You die...

#.. #.. #.. #### #..
##...####### #..
....?......# ###..
..##...#....#
#####....
#...........#
#........ ...#h@/#..#
#.####...
#........####..#.#...
#...#.....##..#.#....
#........###..####.#.
###.......?#.......#.
##.........###...##
#..##...####....##
#.###..###.......# ##
#..##.....o#..#


You could see a black bear (berserk, extremely poisoned).

Vanquished Creatures
  A water moccasin (D:4)
  A black bear (D:4)
  An iguana (D:4)
  An orc wizard (D:4)
  An adder (D:4)
  A worm (D:3)
  2 orcs (D:4)
  2 endoplasms (D:1)
  4 goblins
  A hobgoblin (D:4)
  5 jackals
  A kobold (D:4)
  A quokka (D:1)
  A ball python (D:1)
  2 frilled lizards (D:1)
25 creatures vanquished.

Vanquished Creatures (collateral kills)
  A black bear (D:4)
  A scorpion (D:4)
  An orc priest (D:4)
  Jessica (D:3)
  An adder (D:3)
  2 worms
  4 dart slugs
  5 orcs
  2 endoplasms (D:1)
  4 goblins
  3 hobgoblins
  6 jackals
  5 ball pythons
  A bat (D:2)
  A frilled lizard (D:2)
  3 kobolds (D:1)
  7 rats
48 creatures vanquished.

Vanquished Creatures (others)
  A quokka (D:3)
  A frilled lizard (D:3)
  A rat (D:3)
3 creatures vanquished.

Grand Total: 76 creatures vanquished

Notes
Turn   | Place    | Note
-------+----------+-------------------------------------------
     0 | D:1      | Dordric the Hill Orc Summoner began the quest for the Orb.
     0 | D:1      | Reached XP level 1. HP: 14/14 MP: 3/3
    68 | D:1      | Reached XP level 2. HP: 12/20 MP: 2/4
   297 | D:1      | Found Ucwap's Magic Scroll Emporium.
   609 | D:1      | Learned a level 2 spell: Call Imp
   634 | D:1      | Found Fiduanepa's Weapon Shop.
   667 | D:1      | Reached XP level 3. HP: 26/26 MP: 3/5
   883 | D:1      | Reached skill level 5 in Summonings
  1028 | D:1      | Found Cumex's Assorted Antiques.
  1307 | D:1      | Found Kerch's Magic Scroll Shoppe.
  2120 | D:3      | Found a faded altar of an unknown god.
  2142 | D:3      | Found a hide-covered altar of Uskayaw.
  2142 | D:3      | Found a white marble altar of Elyvilon.
  2215 | D:3      | Found a shimmering altar of Xom.
  2217 | D:3      | Found a glowing golden altar of the Shining One.
  2219 | D:3      | Found a basalt altar of Yredelemnul.
  2248 | D:3      | Noticed Pargi
  2464 | D:3      | Reached XP level 4. HP: 33/33 MP: 3/6
  2556 | D:3      | Learned a level 3 spell: Call Canine Familiar
  2577 | D:3      | Noticed Sanktem7's ghost (amateur MiFi)
  2579 | D:3      | Found a runed translucent door.
  2607 | D:3      | Became a worshipper of Beogh the Brigand
  3089 | D:3      | Noticed Jessica
  3097 | D:3      | Killed Jessica
  3098 | D:3      | Reached skill level 1 in Invocations
  3648 | D:4      | Noticed a scorpion
  3660 | D:4      | Killed a scorpion
  3661 | D:4      | Reached skill level 6 in Summonings
  3661 | D:4      | Reached XP level 5. HP: 38/38 MP: 3/7
  3793 | D:4      | Noticed a black bear
  3806 | D:4      | Killed a black bear
  3807 | D:4      | Reached XP level 6. HP: 45/45 MP: 3/8
  4144 | D:4      | Identified the +4 dagger of Qoul {venom, rElec Dex+3}
  4333 | D:4      | Noticed a black bear
  4343 | D:4      | Killed a black bear
  4557 | D:4      | Reached skill level 5 in Invocations
  4684 | D:4      | Reached skill level 7 in Summonings
  4684 | D:4      | Reached XP level 7. HP: 32/50 MP: 3/10
  4693 | D:4      | Learned a level 3 spell: Summon Guardian Golem
  5023 | D:4      | Found a radiant altar of Vehumet.
  5040 | D:4      | Slain by a black bear

Illustrated notes

Levels and vault maps discovered:
D:1:      dpeg_arrival_more_subterranean_lakeside_camping, layout_loops_ring,
          serial_shops, nicolae_shop_tiny_glass, shop_coins, nicolae_shop_stone,
          nicolae_shop_rolling_square, hangedman_abyss_or_decor_stabs,
          palyth_stone_intersect, corexii_item_surrounded_by_moat,
          grunt_decor_resistance, grunt_decor_junction
D:2:      layout_loops_ring
D:3:      layout_basic, chequers_temple_overflow_minitemple,
          hellmonk_ghost_happy_afterlife, ebering_ecumenical_altar_sacrificial,
          uniq_pargi, uniq_jessica
D:4:      layout_cave_pods, vehumet_altar_wand_db, minmay_misc_feat_tiny,
          grunt_ministairs_11

Skill      XL: |  1  2  3  4  5  6 |
---------------+-------------------+-----
Summonings     | 5 6 7 |  7.2
Invocations    | 2 3 5 |  5.8
Dodging        | |  1.5
Stealth        | |  1.5
Spellcasting   | |  1.5

Action                     |  1- 3 |  4- 6 |  7- 9 || total
---------------------------+-------+-------+-------++-------
  Melee: Unarmed           |     2 |       |       ||     2
         Dagger            |    49 |    62 |    13 ||   124
         Punch             |       |     2 |       ||     2
   Cast: Summon Small Mamm |    15 |     9 |     1 ||    25
         Call Imp          |    24 |    10 |     1 ||    35
         Call Canine Famil |       |    15 |     2 ||    17
         Summon Guardian G |       |       |     1 ||     1
 Invoke: Convert to Beogh  |       |     1 |       ||     1
  Evoke: Wand              |     1 |       |       ||     1
    Use: Scroll            |     5 |       |       ||     5
   Stab: Sleeping          |     4 |     1 |       ||     5
 Armour: Robe              |    24 |    40 |     5 ||    69
  Dodge: Dodged            |    55 |    84 |     9 ||   148
